 Dungeon Crawl Stone Soup version 0.29.1-12-g30fa7ad0bf (webtiles) character file.

Game seed: 14015723829167632847

6465 xian the Magician (level 10, 0/65 HPs)
             Began as a Demonspawn Air Elementalist on Jan 13, 2023.
             Was a Follower of Fedhas.
             Slain by a skeletal warrior
             ... wielding a +0 scimitar
              (32 damage)
             ... on level 9 of the Dungeon.
             The game lasted 00:28:40 (11393 turns).

xian the Magician (Demonspawn Air Elementalist)    Turns: 11393, Time: 00:28:41

Health: 0/65       AC:  9    Str:  9    XL:     10   Next: 68%
Magic:  19/21      EV: 10    Int: 21    God:    Fedhas [*.....]
Gold:   23         SH: 13    Dex: 13    Spells: 11/24 levels left

rFire   + . .      SeeInvis +   m - +2 dagger (venom)
rCold   x . .      Faith    .   r - +0 kite shield
rNeg    + . .      Spirit   .   u - +0 leather armour
rPois   +          Reflect  .   n - +0 helmet
rElec   +          Harm     .   (no cloak)
rCorr   .          Rampage  .   L - +0 pair of gloves
Will    .....                   s - +1 pair of boots of Relativism {rPois}
Stlth   +++.......              w - amulet of magic regeneration
HPRegen 0.20/turn               h - ring of wizardry
MPRegen 0.57/turn               J - ring of Vehumet's Anger {Fire rElec rN+ Will- SInv}

@: no status effects
A: sharp scales 2, condensation shield, demonic magic 3, demonic touch 1
a: Renounce Religion


You were on level 9 of the Dungeon.
You worshipped Fedhas.
Fedhas was aware of your devotion.
You visited 2 branches of the dungeon, and saw 10 of its levels.
You also visited: Sewer.

You collected 584 gold pieces.
You spent 561 gold pieces at shops.

Inventory:

Hand Weapons
 m - a +2 dagger of venom (weapon)
Armour
 n - a +0 helmet (worn)
 r - a +0 kite shield (worn)
 s - the +1 pair of boots of Relativism (worn) {rPois}
   (You found it on level 3 of the Dungeon)

   rPois:     It protects you from poison.
 u - a +0 leather armour (worn)
 L - a +0 pair of gloves (worn)
Magical Staves
 p - a staff of air
Jewellery
 h - a ring of wizardry (left hand)
 w - an amulet of magic regeneration (around neck)
 J - the ring of Vehumet's Anger (right hand) {Fire rElec rN+ Will- SInv}
   (You bought it in a shop on level 6 of the Dungeon)

   [ring of fire]

   It enhances your fire magic.
   rF:        It protects you from fire.
   rC:        It makes you vulnerable to cold.
   rElec:     It insulates you from electricity.
   rN:        It protects you from negative energy.
   SInv:      It lets you see invisible.
   Will:      It decreases your willpower.
 M - a ring of flight
Wands
 t - a wand of iceblast (16)
 C - a wand of flame (35)
 I - a wand of quicksilver (2)
Scrolls
 c - 2 scrolls of fear
 j - a scroll of poison
 l - 6 scrolls of blinking
 q - 2 scrolls of teleportation
 x - a scroll of magic mapping {unknown}
 y - 2 scrolls of immolation {unknown}
 A - 2 scrolls of fog {unknown}
 B - a scroll of summoning
 E - 2 scrolls of enchant weapon {unknown}
 F - a scroll of vulnerability {unknown}
 H - a scroll of identify
Potions
 a - 2 potions of resistance {unknown}
 b - 2 potions of magic
 e - a potion of might {unknown}
 f - a potion of berserk rage {unknown}
 g - 2 potions of degeneration {unknown}
 i - 4 potions of haste {unknown}
 k - 3 potions of lignification {unknown}
 o - 6 potions of curing
 v - 2 potions of cancellation {unknown}
 z - 2 potions of heal wounds {unknown}
 D - a potion of flight {unknown}
 G - a potion of invisibility {unknown}
 K - a potion of brilliance {unknown}
Miscellaneous
 d - a phantom mirror


   Skills:
 + Level 1.0 Fighting
 + Level 1.3 Short Blades
 + Level 1.0 Staves
 + Level 3.5 Armour
 + Level 2.6 Dodging
 + Level 6.5 Stealth
 * Level 5.4 Shields
 + Level 7.7 Spellcasting
 + Level 6.1 Conjurations
 + Level 7.4 Air Magic
 + Level 0.4 Evocations


You had 11 spell levels left.
You knew the following spells:

 Your Spells              Type           Power      Damage    Failure   Level
a - Shock                 Conj/Air       100%       1d9       1%          1
b - Static Discharge      Conj/Air       36%        3-8/arc   1%          2
c - Swiftness             Air            39%        N/A       1%          3
d - Airstrike             Air            19%        2d(3-19)  6%          4
e - Mephitic Cloud        Conj/Pois/Air  27%        N/A       6%          3

Your spell library contained the following spells:

 Spells                   Type           Power      Damage    Failure   Level
 Magic Dart               Conj           100%       1d8       1%          1
 Searing Ray              Conj           66%        2d6       1%          2
 Apportation              Tloc           16%        N/A       12%         1
 Call Imp                 Summ           8%         N/A       19%         2
 Sublimation of Blood     Necr           8%         N/A       19%         2
 Wereblood                Tmut           8%         N/A       19%         2
 Fulminant Prism          Conj/Hex       10%        3d9       32%         4
 Frozen Ramparts          Ice            16%        1d3       34%         3
 Summon Guardian Golem    Hex/Summ       8%         N/A       34%         3
 Ice Form                 Ice/Tmut       8%         N/A       73%         4
 Summon Ice Beast         Ice/Summ       8%         N/A       73%         4
 Alistair's Intoxication  Tmut/Pois      5%         N/A       96%         5
 Orb of Destruction       Conj           16%        9d7       100%        7
 Spellforged Servitor     Conj/Summ      10%        N/A       100%        7
 Summon Hydra             Summ           4%         N/A       100%        7


Dungeon Overview and Level Annotations

Branches:
Dungeon (9/15)             Temple (1/1) D:6           Sewer (visited)
   Lair: D:8-11         Orc: D:9-12

Altars:
Ashenzari
Cheibriados
Dithmenos
Fedhas
Gozag
Hepliaklqana
Kikubaaqudgha
Makhleb
Nemelex Xobeh
Okawaru
Qazlal
Ru
Sif Muna
Trog
Uskayaw
Vehumet
Wu Jian
Xom
Yredelemnul

Shops:
D:6 =   D:9 ==


Innate Abilities, Weirdness & Mutations

You are mostly covered in razor-sharp scales. (AC +2, Slay +2)
A meltable shield of frost defends you. (SH +4)
Spells you cast and wands you use may paralyse nearby enemies.
Your touch may inflict minor irresistible damage on your foes.


Message History

You resist.
You are struck by an arc of lightning.
The skeletal warrior is struck by an arc of lightning!
The skeletal warrior is moderately damaged.
The lightning grounds out.
Malevolent energies surge around you.
The skeletal warrior suddenly stops moving!
The skeletal warrior hits you with a +0 hand axe!
Unknown command.
You block the skeletal warrior's attack.
You block the skeletal warrior's attack.
The helpless skeletal warrior fails to defend itself.
You impale the skeletal warrior!!
The skeletal warrior is moderately damaged.
You block the skeletal warrior's attack.
Unknown command.
The helpless skeletal warrior fails to defend itself.
You impale the skeletal warrior!!
The skeletal warrior is heavily damaged.
The skeletal warrior is no longer paralysed.
The skeletal warrior closely misses you.
You block the skeletal warrior's attack.
The skeletal warrior hits you with a +0 hand axe!!
The skeletal warrior barely misses you.
Casting: Static Discharge (safe; 1% risk of failure)
Confirm with . or Enter, or press ? or * to list all spells.
The skeletal warrior is struck by an arc of lightning.
The skeletal warrior is moderately damaged.
You resist.
You are struck by an arc of lightning.
The lightning grounds out.
The skeletal warrior is struck by an arc of lightning!
The skeletal warrior is severely damaged.
The skeletal warrior is struck by an arc of lightning!
The skeletal warrior is moderately damaged.
You resist.
You are struck by an arc of lightning.
The skeletal warrior is struck by an arc of lightning.
The skeletal warrior is heavily damaged.
The skeletal warrior is struck by an arc of lightning.
The skeletal warrior is severely damaged.
The lightning grounds out.
Malevolent energies surge around you.
The skeletal warrior hits you with a +0 scimitar!!
You die...
Fedhas appreciates your contribution to the ecosystem.

............. . #..#######
................ ..####..####
..................##........#
.......##.........##.######.#
.......##.......#.##...##...#
.......##.........)###.##.###
#......##..........#...##...#
#...)..............########.#
#......###......@z.#........#
..†.#### #......z..####..####
....# #...........##..# ....#
#....#.#######..########
<.#.#
#....#......)..........#
#.#... .....
#################.#
..(.......... #...........
#...........


You could see 2 skeletal warriors.

Vanquished Creatures
  A two-headed ogre (D:9)
  Amaemon (D:8)
  3 skeletal warriors (D:9)
  An orange demon (D:8)
  A hornet (D:8)
  A wyvern (D:5)
  A water moccasin (D:8)
  An ice beast (D:4)
  An orc warrior (D:8)
  A sky beast (D:7)
  8 ogres
  2 centaurs (D:9)
  3 phantoms (D:5)
  2 necrophages
  4 bullfrogs
  6 scorpions
  3 killer bees (D:9)
  A howler monkey (D:5)
  An orc priest (D:4)
  A gnoll bouda (D:8)
  4 hounds
  4 iguanas
  6 orc wizards
  Robin (D:2)
  8 gnolls
  11 adders
  A shadow imp (D:5)
  A white imp (D:5)
  2 worms
  A dart slug (D:4)
  15 orcs
  13 ball pythons
  4 bats
  16 endoplasms
  15 giant cockroaches
  16 goblins
  6 hobgoblins
  4 jackals (D:4)
  11 quokkas
  9 frilled lizards
  2 kobolds
  6 rats
199 creatures vanquished.

Vanquished Creatures (others)
  4 fungi (D:4)
4 creatures vanquished.

Grand Total: 203 creatures vanquished

Notes
Turn   | Place    | Note
-------+----------+-------------------------------------------
     0 | D:1      | xian the Demonspawn Air Elementalist began the quest for
                  | the Orb.
     0 | D:1      | Reached XP level 1. HP: 13/13 MP: 3/3
   532 | D:1      | Gained mutation: Spells you cast may paralyse adjacent
                  | enemies. [demonic ancestry]
   532 | D:1      | Reached XP level 2. HP: 19/19 MP: 1/5
   535 | D:1      | Learned a level 2 spell: Static Discharge
  1362 | D:2      | Noticed Robin
  1371 | D:2      | Gained mutation: Spells you cast may paralyse nearby
                  | enemies. [demonic ancestry]
  1371 | D:2      | Reached XP level 3. HP: 19/24 MP: 2/6
  1379 | D:2      | Killed Robin
  1920 | D:2      | Learned a level 3 spell: Swiftness
  1978 | D:2      | Gained mutation: You are partially covered in razor-sharp
                  | scales. (AC +1, Slay +1) [demonic ancestry]
  1978 | D:2      | Reached XP level 4. HP: 30/30 MP: 5/7
  2503 | D:3      | Found a faded altar of an unknown god.
  2542 | D:3      | Found an iron altar of Okawaru.
  2627 | D:3      | Identified the +1 pair of boots of Relativism {rPois}
  3511 | D:4      | Noticed a bullfrog
  3528 | D:4      | Killed a bullfrog
  3529 | D:4      | Reached XP level 5. HP: 16/35 MP: 6/9
  3799 | D:4      | Found a glowing drain.
  3816 | Sewer    | Entered a sewer
  4278 | Sewer    | Learned a level 4 spell: Airstrike
  4389 | Sewer    | Gained mutation: A meltable shield of frost defends you.
                  | (SH +4) [demonic ancestry]
  4389 | Sewer    | Reached XP level 6. HP: 41/41 MP: 1/10
  4688 | Sewer    | Reached skill level 1 in Armour
  4898 | D:4      | HP: 2/41 [ogre/+0 giant spiked club (26)]
  4904 | D:4      | Gained mutation: Your touch may inflict minor irresistible
                  | damage on your foes. [demonic ancestry]
  4904 | D:4      | Reached XP level 7. HP: 3/46 MP: 5/13
  6333 | D:5      | Entered Level 5 of the Dungeon
  6333 | D:5      | Found a burning altar of Makhleb.
  6340 | D:5      | Reached skill level 1 in Short Blades
  6340 | D:5      | Reached skill level 1 in Shields
  6495 | D:5      | Gained mutation: Spells you cast and wands you use may
                  | paralyse nearby enemies. [demonic ancestry]
  6495 | D:5      | Reached XP level 8. HP: 53/53 MP: 4/14
  6574 | D:5      | Reached skill level 5 in Air Magic
  7079 | D:5      | Found a shadowy altar of Dithmenos.
  7181 | D:5      | Found a hazy altar of Hepliaklqana.
  7322 | D:5      | Reached skill level 5 in Spellcasting
  7322 | D:5      | Reached skill level 5 in Conjurations
  7466 | D:5      | Gained mutation: You are mostly covered in razor-sharp
                  | scales. (AC +2, Slay +2) [demonic ancestry]
  7466 | D:5      | Reached XP level 9. HP: 55/58 MP: 14/17
  7472 | D:5      | Learned a level 3 spell: Mephitic Cloud
  7839 | D:6      | Found Lueghisa's Jewellery Boutique.
  7987 | D:6      | Found a bloodstained altar of Trog.
  8107 | D:6      | Found a staircase to the Ecumenical Temple.
  8150 | Temple   | Entered the Ecumenical Temple
  8323 | Temple   | Became a worshipper of Fedhas Madash
  8507 | D:6      | Found a radiant altar of Vehumet.
  8513 | D:6      | Found an opulent altar of Gozag.
  8518 | D:6      | Found a stormy altar of Qazlal.
  8722 | D:7      | Reached skill level 5 in Stealth
  9759 | D:8      | Reached skill level 1 in Staves
 10052 | D:8      | Noticed Amaemon
 10052 | D:8      | Noticed an orange demon
 10065 | D:8      | Killed Amaemon
 10066 | D:8      | Reached skill level 1 in Fighting
 10074 | D:8      | Killed an orange demon
 10456 | D:8      | Reached XP level 10. HP: 64/65 MP: 12/19
 10464 | D:8      | Reached * piety under Fedhas
 10605 | D:9      | Noticed a skeletal warrior
 10622 | D:9      | Killed a skeletal warrior
 10798 | D:9      | Found Reta's Jewellery Boutique.
 11002 | D:9      | Found Fouruax's Jewellery Boutique.
 11058 | D:6      | Bought the ring of Vehumet's Anger {Fire rElec rN+ Will-
                  | SInv} for 561 gold pieces
 11109 | D:9      | Noticed a two-headed ogre
 11129 | D:9      | Killed a two-headed ogre
 11130 | D:9      | Reached skill level 5 in Shields
 11334 | D:9      | Noticed a skeletal warrior
 11334 | D:9      | Noticed a skeletal warrior
 11334 | D:9      | Noticed a skeletal warrior
 11339 | D:9      | Noticed a skeletal warrior
 11351 | D:9      | Killed a skeletal warrior
 11353 | D:9      | Killed a skeletal warrior
 11393 | D:9      | Slain by a skeletal warrior

Illustrated notes

Levels and vault maps discovered:
D:1:      minmay_arrival_widening_spiral_narrow, layout_loops_ring
D:2:      layout_basic, uniq_robin
D:3:      layout_basic, mainiacjoe_overflow_six_doors_small, tso_metal_star,
          basic_ecumenical_altar
D:4:      layout_cave_pods, serial_park, serial_park_square2,
          serial_park_tiny_pond, serial_park_square1
          [serial_park_minivault_5x5_6], serial_park_gazebo
          [serial_park_minivault_5x5_7], portal_sewer_entry_d
D:5:      minmay_octagon_keep, layout_basic, mainiacjoe_overflow_alcove_1,
          nicolae_overflow_hidden_temple,
          nicolae_dithmenos_through_a_glass_darkly, lemuel_flamethrower_2
D:6:      layout_loops_cross, trog_three_pillars_becter,
          minmay_overflow_temple_star_quad, temple_fountains, serial_shops,
          nicolae_shop_hallway_stairs
D:7:      layout_gridville
D:8:      layout_rooms, corexii_checkpoint_a, chequers_serial_rivers_small_b,
          nicolae_zen_rock_garden, uniq_amaemon
D:9:      layout_basic, serial_shops, nicolae_shop_crystal,
          nicolae_stop_n_shop_2, bh_walls_and_bars, uniq_maurice
Temple:   dshaligram_water_room_temple

Skill      XL: |  1  2  3  4  5  6  7  8  9 10 |
---------------+-------------------------------+-----
Air Magic      | 3 4 5 6 7 |  7.4
Stealth        | 2 3 4 5 6 |  6.5
Conjurations   | 2 3 4 5 6 |  6.1
Spellcasting   | 3 4 5 6 7 |  7.7
Dodging        | 2 |  2.6
Armour         | 1 2 3 |  3.5
Short Blades   | 1 |  1.3
Shields        | 1 2 4 5 |  5.4
Staves         | 1 |  1.0
Fighting       | 1 |  1.0
Evocations     | |  0.4

Action                   |  1- 3 |  4- 6 |  7- 9 | 10-12 || total
-------------------------+-------+-------+-------+-------++-------
Melee: Unarmed           |     1 |       |       |       ||     1
       Dagger            |    14 |    25 |    44 |    11 ||    94
       Staff             |     2 |     7 |    62 |       ||    71
 Cast: Shock             |    52 |   120 |   119 |    26 ||   317
       Static Discharge  |     7 |    10 |    38 |    13 ||    68
       Swiftness         |       |       |    11 |     3 ||    14
       Airstrike         |       |       |     3 |     5 ||     8
Evoke: Wand              |       |       |     2 |       ||     2
  Use: Scroll            |       |     6 |     4 |       ||    10
       Potion            |       |       |     2 |       ||     2
 Stab: Paralysed         |     6 |     6 |    26 |     8 ||    46
       Sleeping          |       |       |     1 |       ||     1
Armor: Robe              |     2 |       |       |       ||     2
       Leather armour    |       |    10 |    41 |     3 ||    54
Dodge: Dodged            |     5 |    27 |    21 |    11 ||    64
Block: Buckler           |     2 |    11 |     2 |       ||    15
       Kite shield       |       |       |    58 |    19 ||    77
